Map: [ESL] Inside and Out

Players

MaNa - Winner!

  • Race: Protoss Protoss
  • Spawn Location: 1:00

HeroMarine

  • Race: Terran Terran
  • Spawn Location: 7:00

Event: DreamHack SC2 Masters 2022 Atlanta (Online)

VOD

Have the link to the VOD?

Description

Time

  • Played on: Sept. 29, 2022, 1:10 p.m.
  • Length: 10:30

All games in this series

Show
View Real Time Build Order
Export as new Build Order

MaNa Protoss - Winner!

Build Orders: 1 Gate Expand, Oracle Opening, Phoenix Opening 

Get SALT Encoding   

  12  0:00  Probe  
  13  0:12  Probe  
  14  0:17  Pylon  
  14  0:24  Probe (Chrono Boost)  
  16  0:36  Gateway  
  16  0:37  Probe (Chrono Boost)  
  16  0:43  Probe (Chrono Boost)  
  16  0:46  Assimilator  
  17  0:51  Probe  
  18  1:03  Probe  
  19  1:20  Nexus  
  19  1:31  Cybernetics Core  
  19  1:34  Probe  
  20  1:43  Pylon  
  20  1:46  Probe  
  21  1:52  Assimilator  
  21  1:58  Probe  
  22  2:05  Adept (Chrono Boost)  
  24  2:10  Probe (Chrono Boost)  
  24  2:15  Stargate  
  26  2:22  Probe (Chrono Boost)  
  26  2:28  Warp Gate  
  26  2:30  Adept  
  26  2:32  Probe (Chrono Boost)  
  26  2:35  Probe (Chrono Boost)  
  32  2:44  Probe (Chrono Boost)  
  32  2:45  Probe (Chrono Boost)  
  32  2:50  Probe (Chrono Boost)  
  32  2:51  Probe  
  32  2:58  Oracle  
  36  3:01  Probe  
  36  3:03  Probe  
  38  3:13  Probe  
  38  3:15  Probe  
  38  3:17  Gateway  
  40  3:25  Probe, Pylon  
  41  3:27  Probe  
  42  3:35  Phoenix  
  42  3:38  Probe  
  42  3:39  Probe  
  42  3:40  Twilight Council  
  46  3:50  Probe, Pylon  
  46  3:51  Probe  
  48  4:02  Probe  
  49  4:03  Phoenix, Probe  
  52  4:12  Nexus, Charge (Chrono Boost)  
  52  4:14  Probe  
  52  4:16  Probe  
  54  4:23  Assimilator  
  54  4:26  Probe  
  54  4:30  Phoenix  
  57  4:31  Gateway  
  57  4:34  Gateway  
  57  4:37  Probe  
  59  4:38  Probe  
  59  4:44  Pylon  
  59  4:49  Probe  
  59  4:50  Probe  
  61  4:56  Shield Battery, Robotics Facility  
  61  5:01  Probe  
  61  5:02  Probe  
  61  5:03  Zealot, Pylon  
  61  5:05  Zealot  
  67  5:14  Probe  
  67  5:15  Probe  
  69  5:25  Probe  
  69  5:26  Probe  
  69  5:27  Zealot x3  
  77  5:28  Zealot  
  77  5:31  Assimilator  
  77  5:34  Gateway  
  81  5:36  Probe  
  81  5:39  Probe x2  
  82  5:43  Robotics Bay  
  82  5:44  Observer (Chrono Boost)  
  82  5:48  Probe  
  84  5:51  Probe  
  84  5:52  Zealot x2, Sentry x2  
  84  5:54  Probe  
  91  5:58  Pylon  
  91  6:00  Probe  
  93  6:15  Immortal (Chrono Boost), Pylon  
  93  6:18  Forge  
  97  6:21  Gateway  
  97  6:22  Zealot x2  
  97  6:23  Gateway  
  100  6:36  Probe  
  100  6:38  Zealot x3  
  100  6:39  Probe  
  108  6:46  Zealot x2  
  104  6:48  Probe  
  104  6:50  Probe  
  104  6:51  Probe  
  107  7:00  Stalker  
  109  7:06  Protoss Ground Weapons Level 1  
  109  7:20  Pylon  
  109  7:23  Extended Thermal Lance  
  109  7:24  Robotics Facility  
  109  7:26  Assimilator  
  109  7:27  Assimilator  
  109  7:33  Templar Archives, Gateway x2  
  109  7:34  Observer, Gateway  
  109  7:38  Probe x2  
  117  7:49  Pylon x2  
  117  7:51  Pylon  
  117  7:55  Nexus  
  117  7:56  Pylon  
  117  7:57  Colossus (Chrono Boost)  
  117  8:07  Probe  
  117  8:08  Pylon  
  117  8:09  High Templar x4  
  117  8:10  Zealot x3  
  132  8:13  Archon  
  132  8:14  Archon  
  116  8:27  Pylon  
  116  8:28  Zealot x3  
  116  8:33  Zealot x3  
  111  8:41  Zealot  
  111  8:42  Zealot x2  
  111  8:50  Zealot x3  
  111  8:54  Zealot x3  
  95  9:03  Zealot x3  
  95  9:07  Probe  
  102  9:12  Zealot, Stalker  
  102  9:13  Zealot  
  102  9:15  Zealot x3  
  114  9:19  Probe x2  
  114  9:21  Probe  
  113  9:27  High Templar x2, Pylon  
  113  9:30  Archon  
  113  9:32  Phoenix  
  113  9:33  High Templar  
  113  9:34  High Templar  
  113  9:37  High Templar x2  
  113  9:38  Archon  
  123  9:41  Probe x3  
  123  9:42  Robotics Facility  
  123  9:44  Archon  
  126  9:46  Zealot x2  
  129  10:02  Zealot x3  
  123  10:07  Probe  
  123  10:13  Zealot x3  
  118  10:26  Zealot x2  
  118  10:27  Zealot  
Show
View Real Time Build Order
Export as new Build Order

HeroMarine Terran 

Build Orders: Gas First Reaper Expand 

Get SALT Encoding   

  12  0:00  SCV  
  13  0:12  SCV  
  14  0:17  Supply Depot  
  14  0:24  SCV  
  14  0:28  Refinery  
  15  0:38  SCV  
  16  0:45  Barracks  
  16  0:50  SCV  
  17  1:03  SCV  
  18  1:15  SCV  
  19  1:32  Reaper, Orbital Command  
  20  1:44  Command Center  
  20  1:53  Factory  
  20  1:58  SCV  
  21  2:03  Refinery  
  21  2:06  Barracks Reactor  
  21  2:10  SCV  
  22  2:18  Supply Depot  
  22  2:22  SCV  
  23  2:38  Starport  
  23  2:40  SCV  
  23  2:42  Marine  
  23  2:43  Widow Mine, Marine  
  28  2:52  SCV  
  29  3:00  Marine x2  
  29  3:04  SCV, Widow Mine  
  34  3:14  Orbital Command  
  34  3:16  SCV, Medivac  
  37  3:21  Marine x2  
  39  3:28  SCV  
  42  3:34  Factory Tech Lab  
  42  3:40  SCV  
  42  3:42  SCV  
  42  3:45  Supply Depot  
  41  3:53  SCV  
  41  3:54  Cyclone, SCV  
  46  3:57  Starport Tech Lab  
  46  4:02  Command Center  
  46  4:06  SCV x2  
  46  4:09  Marine x2  
  50  4:16  Raven  
  52  4:17  Supply Depot  
  52  4:18  SCV  
  52  4:19  SCV  
  54  4:36  Supply Depot  
  54  4:39  SCV x2, Siege Tank, Marine x2  
  54  4:43  Barracks  
  61  4:51  SCV  
  62  4:55  Supply Depot  
  62  4:57  SCV, Marine x2  
  62  4:58  Barracks  
  65  5:03  SCV  
  65  5:07  Engineering Bay, Refinery  
  66  5:09  SCV  
  67  5:15  SCV, Marine x2  
  70  5:21  SCV, Orbital Command  
  70  5:27  SCV  
  72  5:31  Siege Tank  
  72  5:33  SCV, Marine x2  
  72  5:34  Terran Infantry Weapons Level 1  
  78  5:37  Stimpack, Marine  
  78  5:39  Refinery, SCV  
  78  5:40  Missile Turret  
  80  5:46  SCV  
  80  5:48  Starport Reactor  
  82  5:50  Marine x2  
  82  5:51  SCV  
  82  5:56  Orbital Command  
  84  5:58  SCV  
  84  5:59  Marine  
  84  6:03  Supply Depot, Barracks, SCV  
  87  6:05  Barracks  
  87  6:08  Combat Shield, Marine x2  
  87  6:10  SCV  
  90  6:12  Supply Depot  
  90  6:13  Factory Reactor  
  90  6:14  Supply Depot  
  90  6:16  SCV  
  91  6:21  Marauder  
  91  6:25  SCV, Marauder  
  96  6:26  Marine x2  
  96  6:28  Supply Depot  
  96  6:37  SCV  
  89  6:43  Marauder  
  89  6:44  Marine  
  89  6:45  Marine  
  89  6:46  Marauder  
  87  6:50  Medivac x2  
  87  6:52  Orbital Command  
  87  6:53  SCV  
  89  7:02  Marine  
  89  7:03  Marine  
  89  7:04  Marauder  
  89  7:05  SCV x2  
  89  7:08  Marauder  
  97  7:10  Widow Mine  
  97  7:11  Widow Mine  
  99  7:17  SCV x2  
  99  7:18  SCV  
  99  7:19  Marine  
  99  7:21  Marine, Orbital Command  
  98  7:24  Supply Depot  
  98  7:25  Medivac x2  
  98  7:26  Supply Depot, Marauder, Marine x2  
  98  7:29  SCV x2  
  108  7:34  Marauder  
  108  7:35  Widow Mine x2  
  114  7:37  Concussive Shells  
  114  7:38  Marine  
  114  7:39  Marine  
  116  7:46  Supply Depot  
  116  7:55  Marauder  
  116  7:56  Marauder  
  116  7:57  Medivac  
  116  7:58  SCV x2  
  124  7:59  SCV  
  124  8:04  Marine x3  
  124  8:05  Marine  
  127  8:16  Marine x2  
  126  8:22  Marine  
  126  8:23  Marine x2  
  120  8:27  Widow Mine  
  120  8:28  Widow Mine  
  120  8:30  Marine  
  120  8:33  Medivac x2  
  125  8:34  Marine  
  125  8:40  Marine x2  
  117  8:42  SCV x2  
  107  8:50  Widow Mine  
  107  8:51  Widow Mine  
  99  8:59  Marauder  
  99  9:00  SCV x2  
  102  9:03  Medivac x2  
  102  9:05  Orbital Command  
  102  9:09  Marine  
  93  9:10  Marine  
  93  9:12  SCV x2, Widow Mine x2  
  93  9:22  Marauder  
  93  9:24  SCV x2  
  92  9:25  Marauder  
  94  9:32  Barracks Reactor, SCV, Barracks Tech Lab  
  94  9:36  SCV x2  
  95  9:42  Armory  
  95  9:43  Marauder  
  95  9:44  SCV, Widow Mine  
  95  9:45  Widow Mine  
  102  9:46  Marauder  
  102  9:48  SCV x2  
  106  9:56  SCV, Marine x2  
  106  9:58  Marauder  
  112  10:00  SCV x2  
  112  10:04  Marauder  
  112  10:07  Marine  
  112  10:08  SCV  
  112  10:11  Marine x2  
  112  10:12  SCV x2  
Tags
 
Add a new tag
Caveats
  • Supply blocks, unpowered buildings, or Contaminate may cause inaccurate times.
  • Supply counts are checked every 10 seconds.